RedWings vs Kings

Created - October-26-13 at 10:19

Goals
1 2 3 T
RedWings 1 1 2 4
Kings 1 1 0 2
Shots
1 2 3 T
RedWings 4 4 9 17
Kings 10 17 10 37

1st period

1. RedWings , Paul Martin 3 (Brian Campbell, Taylor Beck) at 12:07
2. Kings , Tobias Enstrom 4 (Mike Richards, Ryan Nugent-Hopkins) at 16:01 (PP)

Penalties :
Mike Richards (LOS) for Hooking (Minor) at 12:50, Nate Thompson (DET) for Hooking (Minor) at 14:53, Paul Martin (DET) for Hooking (Minor) at 18:32

2nd period

3. Kings , Daniel Alfredsson 3 (Justin Faulk, Mike Richards) at 6:42
4. RedWings , Andrew Cogliano 2 (Alexandre Burrows) at 17:16

Penalties :
Alexandre Burrows (DET) for Hooking (Minor) at 6:54, Mark Fraser (DET) for Cross-checking (Minor) at 14:03

3rd period

5. RedWings , Jared Spurgeon 4 (Joe Thornton, Ray Whitney) at 12:02 (PP)
6. RedWings , Casey Cizikas 2 (Andrew Cogliano, Paul Martin) at 19:55 (Empty Net)

Penalties :
Paul Martin (DET) for Interference (Minor) at 7:29, Dustin Penner (LOS) for Tripping (Minor) at 10:49, Guillaume Latendresse (LOS) for High sticking (Minor) at 15:01

Goalie Stats

Thomas Greiss (DET), 35 saves from 37 shots - (0.946), W, 2-2-0, 60:00 minutes
Steve Mason (LOS), 13 saves from 16 shots - (0.813), L, 3-6-2, 59:23 minutes

Players Stats for RedWings

Player Name              G  A  P  +/- PIM S  H  SB GA TA FO     MP     PP MP  PK MP  
------------------------------------------------------------------------------------
Alexandre Burrows        0  1  1   1  2   3  3  0  0  0  3/5    22:10   3:14   2:27 
Andrew Cogliano          1  1  2   2  0   2  2  0  0  0  7/15   24:43   0:28   6:31 
Brian Campbell           0  1  1   1  0   1  2  2  0  0  0/0    25:01   1:47   5:59 
Cam Janssen              0  0  0  -1  0   0  0  0  0  0  1/3    15:24   1:43   0:00 
Casey Cizikas            1  0  1   0  0   2  2  0  0  0  6/18   15:22   1:33   3:34 
Chris Summers            0  0  0   0  0   0  0  0  0  0  0/0     5:30   0:49   0:38 
Eric Brewer              0  0  0   1  0   0  3  2  0  0  0/0    19:35   2:35   2:27 
Eric Gryba               0  0  0   0  0   1  0  1  0  0  0/0     6:36   0:16   2:17 
Jared Spurgeon           1  0  1   0  0   1  2  1  0  0  0/0    19:47   2:35   3:22 
Joe Thornton             0  1  1   1  0   1  0  0  0  0  4/15   17:01   2:22   0:50 
Keith Yandle             0  0  0   0  0   0  0  4  0  0  0/0    10:43   0:49   0:00 
Mark Fraser              0  0  0   0  2   0  2  1  0  0  0/0     9:53   0:00   0:00 
Nate Thompson            0  0  0   2  2   0  4  0  0  0  6/14   20:50   2:43   3:40 
Paul Martin              1  1  2   2  4   4  5  3  0  0  0/0    23:08   1:47   3:25 
Ray Whitney              0  1  1   1  0   0  0  0  0  0  2/2    20:38   3:14   1:00 
Sergei Kostitsyn         0  0  0  -1  0   2  0  0  0  0  1/2    10:21   0:00   0:06 
Taylor Beck              0  1  1   1  0   0  0  0  0  0  0/0    18:23   0:00   0:00 
Tyler Toffoli            0  0  0   0  0   0  0  0  0  0  2/5     5:46   0:00   0:00 

Players Stats for Kings

Player Name              G  A  P  +/- PIM S  H  SB GA TA FO     MP     PP MP  PK MP  
------------------------------------------------------------------------------------
Daniel Alfredsson        1  0  1  -1  0   5  0  0  0  0  0/1    21:31   4:06   2:36 
Dustin Penner            0  0  0   0  2   0  1  0  0  0  1/1     8:11   0:00   0:00 
Erik Condra              0  0  0   0  0   2  0  0  0  0  1/1    10:35   0:14   2:09 
Guillaume Latendresse    0  0  0   0  2   0  0  0  0  0  0/0    14:08   4:44   0:26 
Jamie McBain             0  0  0   0  0   0  1  1  0  0  0/0    13:52   0:00   0:00 
Jarret Stoll             0  0  0  -1  0   4  3  0  0  0  13/18  17:56   4:44   3:30 
Joe Corvo                0  0  0   0  0   2  3  1  0  0  0/0    16:22   1:56   0:34 
Justin Faulk             0  1  1   1  0   0  1  1  0  0  0/0    19:02   0:00   2:29 
Matt Hendricks           0  0  0   0  0   0  0  0  0  0  0/6     8:59   0:00   0:00 
Michal Handzus           0  0  0   0  0   1  0  0  0  0  5/7     8:03   0:00   0:26 
Mike Richards            0  2  2  -1  2   3  0  0  0  0  13/18  20:23   4:20   1:15 
Mikhail Grabovski        0  0  0  -1  0   4  2  0  0  0  2/2    18:29   4:44   0:00 
Nail Yakupov             0  0  0   0  0   3  0  0  0  0  1/1    20:45   7:08   0:00 
Robyn Regehr             0  0  0   1  0   1  1  0  0  0  0/0    18:41   0:00   2:08 
Ryan Nugent-Hopkins      0  1  1  -1  0   2  1  0  0  0  9/22   18:05   4:20   0:00 
Ryan Smyth               0  0  0  -1  0   1  1  0  0  0  2/2    14:49   0:00   0:00 
Tobias Enstrom           1  0  1  -3  0   6  0  0  0  0  0/0    23:23   5:28   2:35 
Vyacheslav Voynov        0  0  0  -3  0   3  1  0  0  0  0/0    21:32   3:36   2:36 

3 Stars

1 - Andrew Cogliano (DET)
2 - Paul Martin (DET)
3 - Thomas Greiss (DET)

Power Play

RedWings - 1 on 3 Attempt(s) - 33.33%
Kings - 1 on 5 Attempt(s) - 20.00%

Penalty Kill

RedWings - 4 on 5 Attempt(s) - 80.00% - Score 0 goal in Penalty Kill
Kings - 2 on 3 Attempt(s) - 66.67% - Score 0 goal in Penalty Kill

Official

Referees : Mike Hasenfratz and Trent Knorr
Linesman : Thor Nelson and Ryan Galloway

Game Notes

Casey Cizikas has scored in a empty net!

Finance

Level 1 -- Attendance: 5888 (90.58%) -- Ticket Income $494,592
Level 2 -- Attendance: 5000 (100.00%) -- Ticket Income $300,000
Level 3 -- Attendance: 3500 (100.00%) -- Ticket Income $133,000
Level 4 -- Attendance: 2118 (100.00%) -- Ticket Income $52,950
Luxury Box -- Attendance: 1000 (100.00%) -- Ticket Income $184,000
Game was played at the Staples Center
Total Attendance: 17506 (96.62%)
Total Ticket Income: $1,164,542
Other Income: $174,681
Total Income: $1,339,223


% Time on Ice - RedWings

Lines # - Real PCT - Wanted PCT - Time Play
Normal Forward
1 - 38% - 45% - 17:07
2 - 32% - 35% - 14:14
3 - 21% - 15% - 9:32
4 - 9% - 5% - 4:09
Normal Defense
1 - 38% - 40% - 17:15
2 - 31% - 30% - 13:50
3 - 22% - 20% - 9:54
4 - 9% - 10% - 4:03
PP Forward
1 - 32% - 60% - 1:41
2 - 68% - 40% - 3:30
PP Defense
1 - 34% - 60% - 1:47
2 - 66% - 40% - 3:24
PK Forward
1 - 67% - 60% - 6:03
2 - 33% - 40% - 3:01
PK Defense
1 - 73% - 60% - 6:35
2 - 27% - 40% - 2:29
PK3 Forward
1 - 0% - 60%
2 - 0% - 40%
PK3 Defense
1 - 0% - 60%
2 - 0% - 40%
44 Forward
1 - 0% - 60%
2 - 0% - 40%
44 Defense
1 - 0% - 60%
2 - 0% - 40%
Last Minute Offensive  - 0:00
Last Minute Defensive  - 0:43
Total
Forward - 60:00
Defense - 60:00

% Time on Ice - Kings

Lines # - Real PCT - Wanted PCT - Time Play
Normal Forward
1 - 33% - 35% - 14:49
2 - 30% - 30% - 13:37
3 - 20% - 20% - 8:59
4 - 17% - 15% - 7:37
Normal Defense
1 - 32% - 33% - 14:37
2 - 23% - 28% - 10:27
3 - 31% - 20% - 13:52
4 - 14% - 19% - 6:06
PP Forward
1 - 48% - 55% - 4:20
2 - 52% - 45% - 4:44
PP Defense
1 - 60% - 55% - 5:28
2 - 40% - 45% - 3:36
PK Forward
1 - 59% - 55% - 3:02
2 - 41% - 45% - 2:09
PK Defense
1 - 50% - 55% - 2:36
2 - 50% - 45% - 2:35
PK3 Forward
1 - 0% - 55%
2 - 0% - 45%
PK3 Defense
1 - 0% - 55%
2 - 0% - 45%
44 Forward
1 - 0% - 50%
2 - 0% - 50%
44 Defense
1 - 0% - 50%
2 - 0% - 50%
Last Minute Offensive  - 0:43
Last Minute Defensive  - 0:00
Total
Forward - 60:00
Defense - 60:00

Play by Play

1st period


0:01 of 1st period - Ray Whitney wins face-off versus Daniel Alfredsson in neutral zone.
0:59 of 1st period - Tobias Enstrom is hit by Eric Brewer and loses puck.
1:07 of 1st period - Off-side.
1:08 of 1st period - Casey Cizikas wins face-off versus Ryan Nugent-Hopkins in neutral zone.
1:33 of 1st period - Keith Yandle is hit by Robyn Regehr.
2:19 of 1st period - Shot by Jarret Stoll.
2:19 of 1st period - Shot Misses the Net.
3:28 of 1st period - Brian Campbell is hit by Joe Corvo and loses puck.
3:39 of 1st period - Shot by Andrew Cogliano.
3:39 of 1st period - Shot Misses the Net.
4:44 of 1st period - Icing by Justin Faulk.
4:45 of 1st period - Michal Handzus wins face-off versus Casey Cizikas in Kings zone.
4:57 of 1st period - Dustin Penner is hit by Eric Brewer and loses puck.
5:03 of 1st period - Sergei Kostitsyn is hit by Justin Faulk.
5:45 of 1st period - Shot by Ryan Nugent-Hopkins.
5:45 of 1st period - Stopped by Thomas Greiss without a rebound.
5:46 of 1st period - Joe Thornton wins face-off versus Mike Richards in RedWings zone.
6:00 of 1st period - Shot by Joe Thornton.
6:00 of 1st period - Stopped by Steve Mason without a rebound.
6:01 of 1st period - Ryan Nugent-Hopkins wins face-off versus Andrew Cogliano in Kings zone.
6:01 of 1st period - Ryan Nugent-Hopkins is hit by Alexandre Burrows.
6:17 of 1st period - Mikhail Grabovski is hit by Brian Campbell and loses puck.
6:33 of 1st period - Ryan Nugent-Hopkins is hit by Paul Martin and loses puck.
6:47 of 1st period - Icing by Paul Martin.
6:48 of 1st period - Mike Richards wins face-off versus Andrew Cogliano in RedWings zone.
6:51 of 1st period - Shot by Mike Richards.
6:51 of 1st period - Stopped by Thomas Greiss without a rebound.
6:52 of 1st period - Mike Richards wins face-off versus Joe Thornton in RedWings zone.
7:01 of 1st period - Shot by Daniel Alfredsson.
7:01 of 1st period - Stopped by Thomas Greiss without a rebound.
7:02 of 1st period - Mike Richards wins face-off versus Tyler Toffoli in RedWings zone.
7:05 of 1st period - Shot by Mike Richards.
7:05 of 1st period - Shot Misses the Net.
7:30 of 1st period - Shot by Mike Richards.
7:30 of 1st period - Stopped by Thomas Greiss without a rebound.
7:31 of 1st period - Andrew Cogliano wins face-off versus Ryan Nugent-Hopkins in RedWings zone.
7:49 of 1st period - Shot by Nail Yakupov.
7:49 of 1st period - Shot Misses the Net.
8:38 of 1st period - Off-side.
8:39 of 1st period - Michal Handzus wins face-off versus Joe Thornton in neutral zone.
8:52 of 1st period - Shot by Joe Corvo.
8:52 of 1st period - Stopped by Thomas Greiss without a rebound.
8:53 of 1st period - Casey Cizikas wins face-off versus Mike Richards in RedWings zone.
9:57 of 1st period - Off-side.
9:58 of 1st period - Ryan Nugent-Hopkins wins face-off versus Andrew Cogliano in neutral zone.
10:15 of 1st period - Ryan Nugent-Hopkins is hit by Andrew Cogliano.
10:33 of 1st period - Andrew Cogliano is hit by Joe Corvo and loses puck.
10:49 of 1st period - Icing by Mark Fraser.
10:50 of 1st period - Michal Handzus wins face-off versus Andrew Cogliano in RedWings zone.
11:34 of 1st period - Icing by Robyn Regehr.
11:35 of 1st period - Michal Handzus wins face-off versus Joe Thornton in Kings zone.
11:35 of 1st period - Michal Handzus is hit by Nate Thompson.
12:07 of 1st period - Shot by Paul Martin.
12:07 of 1st period - Goal by Paul Martin - RedWings : 1 - Kings : 0.
12:08 of 1st period - Casey Cizikas wins face-off versus Matt Hendricks in neutral zone.
12:22 of 1st period - Icing by Jared Spurgeon.
12:23 of 1st period - Cam Janssen wins face-off versus Mike Richards in RedWings zone.
12:23 of 1st period - Cam Janssen is hit by Ryan Smyth.
12:50 of 1st period - Minor Penalty to Mike Richards for Hooking.
12:51 of 1st period - Jarret Stoll wins face-off versus Cam Janssen in Kings zone.
13:04 of 1st period - Shot by Paul Martin.
13:04 of 1st period - Stopped by Steve Mason without a rebound.
13:05 of 1st period - Jarret Stoll wins face-off versus Casey Cizikas in Kings zone.
13:05 of 1st period - Jarret Stoll is hit by Casey Cizikas.
13:12 of 1st period - Icing by Brian Campbell.
13:13 of 1st period - Jarret Stoll wins face-off versus Casey Cizikas in RedWings zone.
13:13 of 1st period - Jarret Stoll is hit by Brian Campbell.
13:17 of 1st period - Shot by Daniel Alfredsson.
13:17 of 1st period - Shot Misses the Net.
13:37 of 1st period - Shot by Paul Martin.
13:37 of 1st period - Shot Misses the Net.
14:53 of 1st period - Minor Penalty to Nate Thompson for Hooking.
14:54 of 1st period - Ryan Nugent-Hopkins wins face-off versus Joe Thornton in RedWings zone.
15:07 of 1st period - Shot by Tobias Enstrom.
15:07 of 1st period - Stopped by Thomas Greiss without a rebound.
15:08 of 1st period - Alexandre Burrows wins face-off versus Jarret Stoll in RedWings zone.
15:37 of 1st period - Shot by Nail Yakupov.
15:37 of 1st period - Stopped by Thomas Greiss without a rebound.
15:38 of 1st period - Ryan Nugent-Hopkins wins face-off versus Alexandre Burrows in RedWings zone.
15:39 of 1st period - Shot by Nail Yakupov.
15:39 of 1st period - Stopped by Thomas Greiss without a rebound.
15:40 of 1st period - Alexandre Burrows wins face-off versus Ryan Nugent-Hopkins in RedWings zone.
15:58 of 1st period - Mike Richards is hit by Paul Martin and loses puck.
16:01 of 1st period - Shot by Tobias Enstrom.
16:01 of 1st period - Goal by Tobias Enstrom - RedWings : 1 - Kings : 1.
16:02 of 1st period - Tyler Toffoli wins face-off versus Michal Handzus in neutral zone.
16:18 of 1st period - Icing by Justin Faulk.
16:19 of 1st period - Michal Handzus wins face-off versus Joe Thornton in Kings zone.
16:42 of 1st period - Shot by Erik Condra.
16:42 of 1st period - Shot Misses the Net.
17:18 of 1st period - Shot by Tobias Enstrom.
17:18 of 1st period - Stopped by Thomas Greiss without a rebound.
17:19 of 1st period - Andrew Cogliano wins face-off versus Ryan Nugent-Hopkins in RedWings zone.
17:19 of 1st period - Andrew Cogliano is hit by Mikhail Grabovski.
17:49 of 1st period - Shot by Alexandre Burrows.
17:49 of 1st period - Stopped by Steve Mason without a rebound.
17:50 of 1st period - Mike Richards wins face-off versus Cam Janssen in Kings zone.
17:50 of 1st period - Mike Richards is hit by Casey Cizikas.
17:59 of 1st period - Icing by Vyacheslav Voynov.
18:00 of 1st period - Mike Richards wins face-off versus Joe Thornton in Kings zone.
18:30 of 1st period - Vyacheslav Voynov is hit by Paul Martin and loses puck.
18:32 of 1st period - Minor Penalty to Paul Martin for Hooking.
18:33 of 1st period - Nate Thompson wins face-off versus Jarret Stoll in RedWings zone.
18:33 of 1st period - Nate Thompson is hit by Jarret Stoll.
19:59 of 1st period - Icing by Daniel Alfredsson.

2nd period


0:01 of 2nd period - Nate Thompson wins face-off versus Ryan Nugent-Hopkins in neutral zone.
0:38 of 2nd period - Mark Fraser is hit by Jarret Stoll and loses puck.
1:02 of 2nd period - Justin Faulk is hit by Mark Fraser.
1:12 of 2nd period - Shot by Jarret Stoll.
1:12 of 2nd period - Shot Misses the Net.
2:00 of 2nd period - Jamie McBain is hit by Andrew Cogliano and loses puck.
2:34 of 2nd period - Icing by Mike Richards.
2:35 of 2nd period - Mike Richards wins face-off versus Joe Thornton in Kings zone.
2:41 of 2nd period - Tobias Enstrom is hit by Paul Martin and loses puck.
2:47 of 2nd period - Brian Campbell is hit by Vyacheslav Voynov and loses puck.
3:44 of 2nd period - Shot by Ryan Nugent-Hopkins.
3:44 of 2nd period - Shot Misses the Net.
4:29 of 2nd period - Shot by Keith Yandle.
4:29 of 2nd period - Shot Misses the Net.
4:31 of 2nd period - Shot by Andrew Cogliano.
4:31 of 2nd period - Shot Misses the Net.
4:39 of 2nd period - Shot by Ray Whitney.
4:39 of 2nd period - Shot Misses the Net.
5:05 of 2nd period - Joe Corvo is hit by Nate Thompson and loses puck.
6:09 of 2nd period - Nate Thompson is hit by Dustin Penner and loses puck.
6:42 of 2nd period - Shot by Daniel Alfredsson.
6:42 of 2nd period - Goal by Daniel Alfredsson - RedWings : 1 - Kings : 2.
6:43 of 2nd period - Andrew Cogliano wins face-off versus Ryan Nugent-Hopkins in neutral zone.
6:46 of 2nd period - Ryan Nugent-Hopkins is hit by Alexandre Burrows and loses puck.
6:53 of 2nd period - Shot by Alexandre Burrows.
6:53 of 2nd period - Deflect By Ray Whitney.
6:53 of 2nd period - Shot Misses the Net.
6:54 of 2nd period - Minor Penalty to Alexandre Burrows for Hooking.
6:55 of 2nd period - Jarret Stoll wins face-off versus Casey Cizikas in RedWings zone.
7:00 of 2nd period - Shot by Nail Yakupov.
7:00 of 2nd period - Shot Blocked by Paul Martin.
7:02 of 2nd period - Shot by Guillaume Latendresse.
7:02 of 2nd period - Deflect By Jarret Stoll.
7:02 of 2nd period - Shot Misses the Net.
7:04 of 2nd period - Shot by Mikhail Grabovski.
7:04 of 2nd period - Stopped by Thomas Greiss with a rebound.
7:06 of 2nd period - Shot by Nail Yakupov.
7:06 of 2nd period - Shot Blocked by Brian Campbell.
7:08 of 2nd period - Shot by Jarret Stoll.
7:08 of 2nd period - Stopped by Thomas Greiss without a rebound.
7:09 of 2nd period - Ryan Nugent-Hopkins wins face-off versus Casey Cizikas in RedWings zone.
7:24 of 2nd period - Shot by Ryan Nugent-Hopkins.
7:24 of 2nd period - Shot Misses the Net.
7:26 of 2nd period - Shot by Ryan Nugent-Hopkins.
7:26 of 2nd period - Shot Misses the Net.
7:28 of 2nd period - Shot by Vyacheslav Voynov.
7:28 of 2nd period - Stopped by Thomas Greiss with a rebound.
7:36 of 2nd period - Shot by Nail Yakupov.
7:36 of 2nd period - Shot Misses the Net.
7:38 of 2nd period - Shot by Daniel Alfredsson.
7:38 of 2nd period - Stopped by Thomas Greiss without a rebound.
7:39 of 2nd period - Jarret Stoll wins face-off versus Joe Thornton in RedWings zone.
7:42 of 2nd period - Shot by Tobias Enstrom.
7:42 of 2nd period - Stopped by Thomas Greiss with a rebound.
9:07 of 2nd period - Shot by Erik Condra.
9:07 of 2nd period - Shot Misses the Net.
9:09 of 2nd period - Shot by Michal Handzus.
9:09 of 2nd period - Stopped by Thomas Greiss without a rebound.
9:10 of 2nd period - Sergei Kostitsyn wins face-off versus Matt Hendricks in RedWings zone.
9:54 of 2nd period - Icing by Eric Gryba.
9:55 of 2nd period - Ryan Smyth wins face-off versus Casey Cizikas in RedWings zone.
11:24 of 2nd period - Shot by Ryan Nugent-Hopkins.
11:24 of 2nd period - Shot Misses the Net.
11:40 of 2nd period - Icing by Nail Yakupov.
11:41 of 2nd period - Nail Yakupov wins face-off versus Tyler Toffoli in Kings zone.
12:03 of 2nd period - Shot by Guillaume Latendresse.
12:03 of 2nd period - Shot Blocked by Keith Yandle.
12:05 of 2nd period - Shot by Jarret Stoll.
12:05 of 2nd period - Shot Misses the Net.
12:07 of 2nd period - Shot by Robyn Regehr.
12:07 of 2nd period - Shot Blocked by Keith Yandle.
12:09 of 2nd period - Shot by Jarret Stoll.
12:09 of 2nd period - Shot Blocked by Keith Yandle.
12:11 of 2nd period - Shot by Robyn Regehr.
12:11 of 2nd period - Stopped by Thomas Greiss without a rebound.
12:12 of 2nd period - Andrew Cogliano wins face-off versus Michal Handzus in RedWings zone.
12:21 of 2nd period - Michal Handzus is hit by Alexandre Burrows and loses puck.
12:30 of 2nd period - Shot by Vyacheslav Voynov.
12:30 of 2nd period - Shot Misses the Net.
12:42 of 2nd period - Shot by Ray Whitney.
12:42 of 2nd period - Shot Misses the Net.
13:30 of 2nd period - Shot by Sergei Kostitsyn.
13:30 of 2nd period - Stopped by Steve Mason without a rebound.
13:31 of 2nd period - Ryan Nugent-Hopkins wins face-off versus Joe Thornton in Kings zone.
13:38 of 2nd period - Shot by Ryan Nugent-Hopkins.
13:38 of 2nd period - Shot Misses the Net.
13:40 of 2nd period - Shot by Joe Corvo.
13:40 of 2nd period - Shot Misses the Net.
13:42 of 2nd period - Shot by Mikhail Grabovski.
13:42 of 2nd period - Shot Misses the Net.
13:47 of 2nd period - Ryan Nugent-Hopkins is hit by Mark Fraser and loses puck.
14:03 of 2nd period - Minor Penalty to Mark Fraser for Cross-checking.
14:04 of 2nd period - Ryan Nugent-Hopkins wins face-off versus Nate Thompson in RedWings zone.
14:07 of 2nd period - Shot by Tobias Enstrom.
14:07 of 2nd period - Stopped by Thomas Greiss without a rebound.
14:08 of 2nd period - Jarret Stoll wins face-off versus Nate Thompson in RedWings zone.
14:11 of 2nd period - Shot by Nail Yakupov.
14:11 of 2nd period - Shot Misses the Net.
14:20 of 2nd period - Shot by Jarret Stoll.
14:20 of 2nd period - Stopped by Thomas Greiss with a rebound.
14:22 of 2nd period - Shot by Mikhail Grabovski.
14:22 of 2nd period - Stopped by Thomas Greiss without a rebound.
14:23 of 2nd period - Nate Thompson wins face-off versus Ryan Nugent-Hopkins in RedWings zone.
14:46 of 2nd period - Shot by Vyacheslav Voynov.
14:46 of 2nd period - Stopped by Thomas Greiss without a rebound.
14:47 of 2nd period - Mikhail Grabovski wins face-off versus Nate Thompson in RedWings zone.
14:47 of 2nd period - Mikhail Grabovski is hit by Eric Brewer.
14:53 of 2nd period - Shot by Mikhail Grabovski.
14:53 of 2nd period - Stopped by Thomas Greiss without a rebound.
14:54 of 2nd period - Nate Thompson wins face-off versus Jarret Stoll in RedWings zone.
15:18 of 2nd period - Jarret Stoll is hit by Jared Spurgeon and loses puck.
15:29 of 2nd period - Shot by Jarret Stoll.
15:29 of 2nd period - Stopped by Thomas Greiss without a rebound.
15:30 of 2nd period - Casey Cizikas wins face-off versus Ryan Nugent-Hopkins in RedWings zone.
15:46 of 2nd period - Daniel Alfredsson is hit by Paul Martin and loses puck.
15:49 of 2nd period - Shot by Mike Richards.
15:49 of 2nd period - Stopped by Thomas Greiss with a rebound.
15:51 of 2nd period - Shot by Daniel Alfredsson.
15:51 of 2nd period - Stopped by Thomas Greiss without a rebound.
15:52 of 2nd period - Jarret Stoll wins face-off versus Nate Thompson in RedWings zone.
16:03 of 2nd period - Shot by Jarret Stoll.
16:03 of 2nd period - Shot Blocked by Keith Yandle.
16:56 of 2nd period - Off-side.
16:57 of 2nd period - Mike Richards wins face-off versus Andrew Cogliano in neutral zone.
17:14 of 2nd period - Shot by Alexandre Burrows.
17:14 of 2nd period - Stopped by Steve Mason with a rebound.
17:16 of 2nd period - Shot by Andrew Cogliano.
17:16 of 2nd period - Goal by Andrew Cogliano - RedWings : 2 - Kings : 2.
17:17 of 2nd period - Mikhail Grabovski wins face-off versus Joe Thornton in neutral zone.
17:17 of 2nd period - Ryan Nugent-Hopkins is hit by Nate Thompson and loses puck.
17:35 of 2nd period - Shot by Jared Spurgeon.
17:35 of 2nd period - Shot Blocked by Jamie McBain.
18:27 of 2nd period - Shot by Paul Martin.
18:27 of 2nd period - Stopped by Steve Mason without a rebound.
18:28 of 2nd period - Mike Richards wins face-off versus Casey Cizikas in Kings zone.
18:57 of 2nd period - Shot by Ryan Smyth.
18:57 of 2nd period - Stopped by Thomas Greiss without a rebound.
18:58 of 2nd period - Ray Whitney wins face-off versus Matt Hendricks in RedWings zone.
19:27 of 2nd period - Shot by Guillaume Latendresse.
19:27 of 2nd period - Shot Misses the Net.

3rd period


0:01 of 3rd period - Mike Richards wins face-off versus Andrew Cogliano in neutral zone.
0:10 of 3rd period - Shot by Justin Faulk.
0:10 of 3rd period - Shot Misses the Net.
0:17 of 3rd period - Icing by Brian Campbell.
0:18 of 3rd period - Ryan Nugent-Hopkins wins face-off versus Andrew Cogliano in RedWings zone.
1:11 of 3rd period - Nail Yakupov is hit by Nate Thompson and loses puck.
1:37 of 3rd period - Icing by Robyn Regehr.
1:38 of 3rd period - Ryan Smyth wins face-off versus Casey Cizikas in Kings zone.
1:56 of 3rd period - Shot by Sergei Kostitsyn.
1:56 of 3rd period - Deflect By Casey Cizikas.
1:56 of 3rd period - Shot Misses the Net.
2:06 of 3rd period - Shot by Sergei Kostitsyn.
2:06 of 3rd period - Shot Misses the Net.
2:08 of 3rd period - Shot by Keith Yandle.
2:08 of 3rd period - Shot Blocked by Justin Faulk.
2:10 of 3rd period - Shot by Cam Janssen.
2:10 of 3rd period - Shot Misses the Net.
2:12 of 3rd period - Shot by Sergei Kostitsyn.
2:12 of 3rd period - Stopped by Steve Mason without a rebound.
2:13 of 3rd period - Andrew Cogliano wins face-off versus Matt Hendricks in Kings zone.
3:39 of 3rd period - Shot by Nail Yakupov.
3:39 of 3rd period - Shot Blocked by Eric Brewer.
3:41 of 3rd period - Shot by Vyacheslav Voynov.
3:41 of 3rd period - Shot Blocked by Eric Brewer.
4:13 of 3rd period - Shot by Justin Faulk.
4:13 of 3rd period - Shot Blocked by Jared Spurgeon.
5:51 of 3rd period - Shot by Matt Hendricks.
5:51 of 3rd period - Shot Misses the Net.
5:53 of 3rd period - Shot by Joe Corvo.
5:53 of 3rd period - Stopped by Thomas Greiss with a rebound.
5:55 of 3rd period - Shot by Jarret Stoll.
5:55 of 3rd period - Stopped by Thomas Greiss without a rebound.
5:56 of 3rd period - Ryan Nugent-Hopkins wins face-off versus Casey Cizikas in RedWings zone.
5:59 of 3rd period - Shot by Robyn Regehr.
5:59 of 3rd period - Shot Blocked by Mark Fraser.
6:21 of 3rd period - Shot by Ryan Nugent-Hopkins.
6:21 of 3rd period - Stopped by Thomas Greiss without a rebound.
6:22 of 3rd period - Mike Richards wins face-off versus Andrew Cogliano in RedWings zone.
7:12 of 3rd period - Icing by Brian Campbell.
7:13 of 3rd period - Alexandre Burrows wins face-off versus Ryan Nugent-Hopkins in RedWings zone.
7:24 of 3rd period - Shot by Nail Yakupov.
7:24 of 3rd period - Shot Blocked by Paul Martin.
7:26 of 3rd period - Shot by Mikhail Grabovski.
7:26 of 3rd period - Shot Blocked by Brian Campbell.
7:28 of 3rd period - Shot by Robyn Regehr.
7:28 of 3rd period - Shot Blocked by Paul Martin.
7:29 of 3rd period - Minor Penalty to Paul Martin for Interference.
7:30 of 3rd period - Jarret Stoll wins face-off versus Casey Cizikas in RedWings zone.
7:54 of 3rd period - Shot by Jarret Stoll.
7:54 of 3rd period - Shot Blocked by Eric Gryba.
7:56 of 3rd period - Shot by Mikhail Grabovski.
7:56 of 3rd period - Stopped by Thomas Greiss without a rebound.
7:57 of 3rd period - Joe Thornton wins face-off versus Ryan Nugent-Hopkins in RedWings zone.
8:27 of 3rd period - Shot by Daniel Alfredsson.
8:27 of 3rd period - Stopped by Thomas Greiss without a rebound.
8:28 of 3rd period - Jarret Stoll wins face-off versus Nate Thompson in RedWings zone.
8:28 of 3rd period - Tobias Enstrom is hit by Jared Spurgeon and loses puck.
8:31 of 3rd period - Shot by Tobias Enstrom.
8:31 of 3rd period - Stopped by Thomas Greiss without a rebound.
8:32 of 3rd period - Jarret Stoll wins face-off versus Nate Thompson in RedWings zone.
9:10 of 3rd period - Icing by Tobias Enstrom.
9:11 of 3rd period - Nate Thompson wins face-off versus Jarret Stoll in Kings zone.
9:19 of 3rd period - Icing by Jarret Stoll.
9:20 of 3rd period - Jarret Stoll wins face-off versus Nate Thompson in Kings zone.
10:49 of 3rd period - Minor Penalty to Dustin Penner for Tripping.
10:50 of 3rd period - Casey Cizikas wins face-off versus Jarret Stoll in Kings zone.
11:05 of 3rd period - Shot by Casey Cizikas.
11:05 of 3rd period - Stopped by Steve Mason without a rebound.
11:06 of 3rd period - Erik Condra wins face-off versus Casey Cizikas in Kings zone.
11:16 of 3rd period - Brian Campbell is hit by Jarret Stoll and loses puck.
11:27 of 3rd period - Shot by Paul Martin.
11:27 of 3rd period - Stopped by Steve Mason without a rebound.
11:28 of 3rd period - Joe Thornton wins face-off versus Mike Richards in Kings zone.
12:02 of 3rd period - Shot by Jared Spurgeon.
12:02 of 3rd period - Goal by Jared Spurgeon - RedWings : 3 - Kings : 2.
12:03 of 3rd period - Joe Thornton wins face-off versus Ryan Nugent-Hopkins in neutral zone.
12:25 of 3rd period - Joe Thornton is hit by Joe Corvo and loses puck.
12:28 of 3rd period - Shot by Nate Thompson.
12:28 of 3rd period - Shot Blocked by Joe Corvo.
12:30 of 3rd period - Shot by Brian Campbell.
12:30 of 3rd period - Stopped by Steve Mason without a rebound.
12:31 of 3rd period - Andrew Cogliano wins face-off versus Matt Hendricks in Kings zone.
12:48 of 3rd period - Shot by Andrew Cogliano.
12:48 of 3rd period - Stopped by Steve Mason without a rebound.
12:49 of 3rd period - Mike Richards wins face-off versus Casey Cizikas in Kings zone.
14:28 of 3rd period - Icing by Sergei Kostitsyn.
14:29 of 3rd period - Casey Cizikas wins face-off versus Matt Hendricks in RedWings zone.
14:35 of 3rd period - Brian Campbell is hit by Jamie McBain and loses puck.
15:01 of 3rd period - Minor Penalty to Guillaume Latendresse for High sticking.
15:02 of 3rd period - Mike Richards wins face-off versus Alexandre Burrows in Kings zone.
15:21 of 3rd period - Shot by Ray Whitney.
15:21 of 3rd period - Shot Misses the Net.
16:19 of 3rd period - Shot by Eric Gryba.
16:19 of 3rd period - Stopped by Steve Mason without a rebound.
16:20 of 3rd period - Jarret Stoll wins face-off versus Joe Thornton in Kings zone.
17:12 of 3rd period - Keith Yandle is hit by Mikhail Grabovski and loses puck.
17:21 of 3rd period - Shot by Nail Yakupov.
17:21 of 3rd period - Stopped by Thomas Greiss without a rebound.
17:22 of 3rd period - Mike Richards wins face-off versus Sergei Kostitsyn in RedWings zone.
17:46 of 3rd period - Icing by Brian Campbell.
17:47 of 3rd period - Andrew Cogliano wins face-off versus Ryan Nugent-Hopkins in RedWings zone.
17:47 of 3rd period - Andrew Cogliano is hit by Ryan Nugent-Hopkins.
19:08 of 3rd period - Shot by Ray Whitney.
19:08 of 3rd period - Shot Misses the Net.
19:12 of 3rd period - Shot by Alexandre Burrows.
19:12 of 3rd period - Stopped by Steve Mason without a rebound.
19:13 of 3rd period - Jarret Stoll wins face-off versus Tyler Toffoli in Kings zone.
19:18 of 3rd period - Kings, Steve Mason is pulled from the net.
19:22 of 3rd period - Shot by Erik Condra.
19:22 of 3rd period - Stopped by Thomas Greiss with a rebound.
19:41 of 3rd period - Shot by Erik Condra.
19:41 of 3rd period - Stopped by Thomas Greiss without a rebound.
19:42 of 3rd period - Dustin Penner wins face-off versus Nate Thompson in RedWings zone.
19:45 of 3rd period - Shot by Tobias Enstrom.
19:45 of 3rd period - Shot Misses the Net.
19:47 of 3rd period - Shot by Vyacheslav Voynov.
19:47 of 3rd period - Stopped by Thomas Greiss without a rebound.
19:48 of 3rd period - Nate Thompson wins face-off versus Ryan Nugent-Hopkins in RedWings zone.
19:55 of 3rd period - Shot by Andrew Cogliano.
19:55 of 3rd period - Deflect By Casey Cizikas.
19:55 of 3rd period - Goal by Casey Cizikas - RedWings : 4 - Kings : 2.
19:55 of 3rd period - Steve Mason from Kings was sent back in the game.
19:56 of 3rd period - Tyler Toffoli wins face-off versus Mike Richards in neutral zone.


Output by the SimonT Hockey Simulator (STHS) for Stephane Roy -- Original Page W3C XHTML 1.0 Valid
Hockey Simulator - Hockey Simulation - Hockey Manager